 Dungeon Sprint DCSS version 0.28-a0-1356-g2ad6d04315 (webtiles) character file.

Game seed: 17688000721800911988

2881 Turgor the Severer (level 9, -3/97 HPs)
             Began as a Minotaur Berserker on Dec 30, 2021.
             Was a High Priest of Trog.
             Slain by an orc high priest (12 damage)
             ... in the Dungeon (Sprint III: "The Ten Rune Challenge").
             The game lasted 00:10:19 (1561 turns).

Turgor the Severer (Minotaur Berserker)             Turns: 1561, Time: 00:10:19

Health: -3/97      AC:  2    Str: 25    XL:     9   Next: 48%
Magic:  8/8        EV: 13    Int:  6    God:    Trog [*****.]
Gold:   32         SH:  0    Dex:  9    Spells: 8/8 levels left

rFire   . . .      SeeInvis .   h - +0 broad axe
rCold   . . .      Faith    .   (no shield)
rNeg    . . .      Spirit   .   b - +0 animal skin
rPois   .          Reflect  .   (helmet restricted)
rElec   .          Harm     .   (no cloak)
rCorr   .          Rampage  .   (no gloves)
Will    .....      NoTele   +   (no boots)
Stlth   +.........              (no amulet)
HPRegen 0.26/turn               (no ring)
MPRegen 0.11/turn               (no ring)

@: no status effects
A: horns 2, retaliatory headbutt
a: Renounce Religion, Berserk, Trog's Hand, Brothers in Arms


You were in the Dungeon.
You worshipped Trog.
Trog was extremely pleased with you.
You visited 1 branch You collected 32 gold pieces.

Inventory:

Hand Weapons
 a - a +0 hand axe
 h - a +0 broad axe (weapon)
Armour
 b - a +0 animal skin (worn)
Wands
 k - a wand of iceblast (10)
 o - a wand of polymorph (4)
Scrolls
 j - 2 scrolls of immolation {unknown}
Potions
 c - a potion of curing
 d - 2 potions of heal wounds
 e - a potion of haste
 f - 2 potions of magic
 g - a potion of berserk rage
 i - 3 potions of mutation
 l - 2 potions of flight
 m - 2 potions of might
Miscellaneous
 n - a phial of floods (inert)


   Skills:
 + Level 15.1 Fighting
 + Level 19.8 Axes
 + Level 6.3 Armour
 + Level 5.7 Dodging


You had 8 spell levels left.
You didn't know any spells.
Your spell library was empty.

Dungeon Overview and Level Annotations

Branches:
Dungeon (1/1)

Altars:
Cheibriados
Dithmenos
Elyvilon
Fedhas
Gozag
Hepliaklqana
Kikubaaqudgha
Makhleb
Nemelex Xobeh
Okawaru
Qazlal
Ru
Sif Muna
Trog
Uskayaw
Vehumet
Wu Jian
Xom
Yredelemnul
Zin
The Shining One
Beogh
Jiyva
Lugonu


Innate Abilities, Weirdness & Mutations

You have a pair of horns on your head.
You reflexively headbutt those who attack you in melee.


Message History

The barbed spikes dig painfully into your body as you move.
You recover from your berserk rage.
The barbed spikes dig painfully into your body as you move.
The red devil misses you. You furiously retaliate!
You headbutt the red devil. You slice the red devil!!
You kill the red devil!
The red devil disappears in a puff of smoke!
The barbed spikes dig painfully into your body as you move.
The orc high priest hits you from afar with a +0 halberd!
The neqoxec hits you!
Things that are here:
a +0 dagger; a +0 robe; 557 gold pieces You slice the neqoxec!!
You headbutt the neqoxec, but do no damage.
The neqoxec is heavily wounded.
The orc high priest hits you from afar with a +0 halberd.
* * * LOW HITPOINT WARNING * * *
You slash the neqoxec! You headbutt the neqoxec!
You kill the neqoxec!
The neqoxec disappears in a puff of smoke!
The orc high priest calls down the wrath of Beogh upon you.
You struggle to resist.
The barbed spikes dig painfully into your body as you move.
* * * LOW HITPOINT WARNING * * *
The soul eater draws from the surrounding life force!
* * * LOW HITPOINT WARNING * * *
The orc high priest hits you with a +0 halberd!
* * * LOW HITPOINT WARNING * * *
There is an open door to the Ecumenical Temple, spattered with blood here.
You slash the orc high priest!
The orc high priest is moderately wounded.
You carefully extract the barbed spikes from your body.
You hit the orc high priest.
The orc high priest is heavily wounded.
The orc high priest mumbles some strange prayers to Beogh.
You barely miss the orc high priest.
Your headbutt misses the orc high priest.
The orc high priest is heavily wounded.
The orc high priest hits you with a +0 halberd!
You die...

▓▓▓▓▓▓▓ ▓▓▓ ..#...####
##.#############$$ #
..#......#####..#___#___#__#$$##o
.##.......#..#..#)..#__)#)_#$.ooo
#.##.##...#..#..###'#'###'##..oo
#.##.###..##)#..#o.[)......#$.o
.####.##..###...@3⌠).......#$$
###..##..####..)#..3######o#.#
.....##..###....#.⌠.#__#...#+####
##..##...##.....#...#__#))o#.§≈§§
#..##....#......#)###__#)).#.#§§§
..###..##.#.....#.::#__#...o.#§§§
).# #..#####....#___#__'...#.#§§§
▓▓▓ ▓▓▓▓ ▓▓▓▓▓▓▓▓▓▓▓▓▓▓▓▓▓▓▓▓▓▓


You could see 2 soul eaters and an orc high priest.

Vanquished Creatures
  Erica (D)
  An orc high priest (D)
  A deep elf pyromancer (D)
  An orc sorcerer (D)
  A shadow (D)
  A spatial vortex (D)
  A necrophage (D)
  A water elemental (D)
  An orc priest (D)
  A jelly (D)
  A wizard (D)
  A necromancer (D)
  3 orc wizards (D)
  A kobold demonologist (D)
  3 humans (D)
  A phantom (D)
  3 orcs (D)
  An endoplasm (D)
  3 rats (D)
27 creatures vanquished.

Notes
Turn   | Place    | Note
-------+----------+-------------------------------------------
     0 | D        | Turgor the Minotaur Berserker began the quest for the Orb.
     0 | D        | Reached XP level 1. HP: 19/19 MP: 0/0
     9 | D        | Reached skill level 4 in Axes
    28 | D        | Reached ** piety under Trog
    47 | D        | Reached skill level 5 in Axes
    57 | D        | Reached skill level 5 in Fighting
    57 | D        | Reached skill level 6 in Axes
    57 | D        | Reached XP level 2. HP: 19/29 MP: 1/1
   247 | D        | Noticed a water elemental
   251 | D        | Killed a water elemental
   252 | D        | Reached skill level 9 in Axes
   252 | D        | Reached XP level 3. HP: 38/38 MP: 2/2
   252 | D        | Reached XP level 4. HP: 45/45 MP: 3/3
   284 | D        | Found a radiant altar of Vehumet.
   284 | D        | Found a shimmering blue altar of Sif Muna.
   284 | D        | Found an ancient bone altar of Kikubaaqudgha.
   284 | D        | Noticed a wizard
   290 | D        | Reached *** piety under Trog
   294 | D        | Killed a wizard
   295 | D        | Reached skill level 10 in Axes
   329 | D        | Found a glowing silver altar of Zin.
   329 | D        | Found a glowing golden altar of the Shining One.
   329 | D        | Found a white marble altar of Elyvilon.
   330 | D        | Noticed a deep elf pyromancer
   336 | D        | Killed a deep elf pyromancer
   336 | D        | Reached **** piety under Trog
   337 | D        | Reached skill level 14 in Axes
   337 | D        | Reached XP level 5. HP: 25/60 MP: 4/4
   337 | D        | Reached XP level 6. HP: 29/68 MP: 5/5
   337 | D        | Reached XP level 7. HP: 31/74 MP: 6/6
   571 | D        | Found a hide-covered altar of Uskayaw.
   571 | D        | Found an iron altar of Okawaru.
   571 | D        | Found a bloodstained altar of Trog.
   571 | D        | Found an ornate altar of the Wu Jian Council.
   571 | D        | Noticed a human
   571 | D        | Noticed a human
   580 | D        | Killed a human
   581 | D        | Reached skill level 15 in Axes
   582 | D        | Killed a human
   583 | D        | Reached skill level 16 in Axes
   628 | D        | Found a basalt altar of Yredelemnul.
   628 | D        | Found a shadowy altar of Dithmenos.
   628 | D        | Found a sacrificial altar of Ru.
   671 | D        | Noticed a shadow
   679 | D        | Reached ***** piety under Trog
   686 | D        | Killed a shadow
   687 | D        | Reached skill level 17 in Axes
   687 | D        | Reached XP level 8. HP: 48/85 MP: 7/7
   843 | D        | Found a blossoming altar of Fedhas.
   843 | D        | Found a stormy altar of Qazlal.
   844 | D        | Found a snail-covered altar of Cheibriados.
   844 | D        | Found a burning altar of Makhleb.
   844 | D        | Found a hazy altar of Hepliaklqana.
   844 | D        | Found a shimmering altar of Xom.
   844 | D        | Found an opulent altar of Gozag.
   844 | D        | Found a sparkling altar of Nemelex Xobeh.
   844 | D        | Found a corrupted altar of Lugonu.
   844 | D        | Found a viscous altar of Jiyva.
  1021 | D        | Noticed Erica
  1029 | D        | Killed Erica
  1030 | D        | Reached skill level 19 in Axes
  1222 | D        | Noticed an orc knight
  1245 | D        | Received a gift from Trog
  1248 | D        | Noticed an orc high priest
  1497 | D        | Noticed a red devil
  1500 | D        | Killed an orc high priest
  1501 | D        | Reached skill level 5 in Armour
  1501 | D        | Reached XP level 9. HP: 96/96 MP: 8/8
  1503 | D        | Noticed an orc high priest
  1536 | D        | Noticed an orc sorcerer
  1542 | D        | Noticed a red devil
  1547 | D        | Killed an orc sorcerer
  1548 | D        | Reached skill level 15 in Fighting
  1548 | D        | Reached skill level 5 in Dodging
  1548 | D        | Noticed a sixfirhy
  1555 | D        | Noticed a soul eater
  1561 | D        | Noticed a soul eater
  1561 | D        | Slain by an orc high priest

Illustrated notes

Levels and vault maps discovered:
D:        dungeon_sprint_mu [sprint_mu_entry_cave, sprint_mu_temple_rooms,
          sprint_mu_d1_horrors, sprint_mu_d2_genie, sprint_mu_d3_branching,
          sprint_mu_orc_legion, sprint_mu_elf_gauntlet, sprint_mu_hive_nellie,
          sprint_mu_lair_fedhas, sprint_mu_vaults_butterflies,
          sprint_mu_slime_circle, sprint_mu_swamp_cave, sprint_mu_shoals_archi,
          sprint_mu_blade_basic, sprint_mu_crypt_chambers,
          sprint_mu_tomb_spiral, sprint_mu_vestibule_basic,
          sprint_mu_gehenna_hellfire, sprint_mu_dis_giant,
          sprint_mu_tartarus_statrot, sprint_mu_cocytus_islands, sprint_mu_zot1]

Skill      XL: |  1  2  3  4  5  6  7  8  9 |
---------------+----------------------------+-----
Axes           | 6 9 14 17 19 | 19.8
Fighting       | 5 6 11 12 14 15 | 15.1
Armour         | 5 6 |  6.3
Dodging        | 4 5 |  5.7

Action                   |  1- 3 |  4- 6 |  7- 9 || total
-------------------------+-------+-------+-------++-------
Melee: Hand axe          |    19 |    11 |    72 ||   102
       Headbutt          |     4 |     2 |    13 ||    19
       Broad axe         |       |       |     6 ||     6
Invok: Berserk           |     2 |     2 |     6 ||    10
Evoke: Wand              |       |       |     1 ||     1
       Phial of floods   |       |       |     1 ||     1
  Use: Scroll            |     3 |       |     1 ||     4
 Stab: Sleeping          |     1 |       |       ||     1
Armor: Animal skin       |       |       |     2 ||     2
Dodge: Dodged            |     6 |     2 |    21 ||    29

Table legend: (Time is in decaauts)
 A = Elapsed time spent in this place.
 B = Non-inter-level travel time spent in this place.
 C = Inter-level travel time spent in this place.
 D = Time resting spent in this place.
 E = Time spent auto-exploring this place.
 F = Levels seen in this place.
 G = Mean time per level.
                   A        B        C        D        E       F      G
               +--------+--------+--------+--------+--------+-----+--------+
         Total |   1631 |   1631 |      0 |   1314 |      0 |   1 | 1631.0 |
       Dungeon |   1631 |   1631 |      0 |   1314 |      0 |   1 | 1631.0 |
               +--------+--------+--------+--------+--------+-----+--------+

Top non-repeatable levels by time:
       D: 1631 daAuts
